 Dungeon Crawl Stone Soup version 0.30-a0-721-ga6a225cb13 (webtiles) character file.

Game seed: 13131289847001722280

1152 Absynth the Sneak (level 8, -7/36 HPs)
             Began as a Spriggan Enchanter on Jan 27, 2023.
             Mangled by a two-headed ogre
             ... wielding a +0 giant club
              (21 damage)
             ... on level 6 of the Dungeon.
             The game lasted 00:23:45 (5795 turns).

Absynth the Sneak (Spriggan Enchanter)              Turns: 5795, Time: 00:23:46

Health: -7/36      AC: 14    Str:  4    XL:     8   Next: 16%
Magic:  12/25      EV: 17    Int: 20    God:
Gold:   244        SH:  0    Dex: 16    Spells: 5/16 levels left

rFire   . . .      SeeInvis +    h - +2 short sword (venom)
rCold   . . .      Faith    .    (no shield)
rNeg    . . .      Spirit   .    B - +0 acid dragon scales
rPois   .          Reflect  .    (helmet restricted)
rElec   +          Harm     .    (no cloak)
rCorr   +          Rampage  .    (gloves unavailable)
Will    +....                    (boots unavailable)
Stlth   +++                      s - amulet "Tehoch" {rElec Regen+ MP+9 Int+2}
HPRegen 1.06/turn                w - +4 ring of protection
MPRegen 0.19/turn                A - +4 ring of protection

@: very quick
A: very small, no large weapons, unfitting armour, see invisible, speed 3
a: no special abilities


You were on level 6 of the Dungeon.
You visited 1 branch of the dungeon, and saw 6 of its levels.

You collected 244 gold pieces.

Inventory:

Hand Weapons
 a - a +1 dagger
 h - a +2 short sword of venom (weapon)
Armour
 b - a +0 robe
 B - +0 acid dragon scales (worn)
Jewellery
 s - the amulet "Tehoch" (around neck) {rElec Regen+ MP+9 Int+2}
   (You found it on level 4 of the Dungeon)

   [amulet of regeneration]

   Int:       It affects your intelligence (+2).
   rElec:     It insulates you from electricity.
   MP:        It affects your magic capacity (+9).
   Regen:     It increases your rate of health regeneration.
 w - a +4 ring of protection (left hand)
 A - a +4 ring of protection (right hand)
Wands
 m - a wand of paralysis (4)
 y - a wand of flame (28)
Scrolls
 d - 6 scrolls of identify {unknown}
 e - 2 scrolls of fog {unknown}
 g - a scroll of immolation {unknown}
 k - a scroll of noise {unknown}
 o - a scroll of enchant weapon {unknown}
 p - 2 scrolls of summoning {unknown}
 r - 2 scrolls of teleportation {unknown}
 t - a scroll of blinking {unknown}
 x - 2 scrolls of vulnerability {unknown}
Potions
 c - 3 potions of invisibility
 f - 3 potions of mutation {unknown}
 i - 3 potions of brilliance {unknown}
 j - 4 potions of lignification {unknown}
 l - 2 potions of haste {unknown}
 n - 3 potions of heal wounds {unknown}
 q - a potion of might {unknown}
 u - a potion of magic {unknown}
 v - a potion of flight {unknown}
 z - a potion of curing {unknown}


   Skills:
 - Level 3.7 Short Blades
 + Level 1.3 Armour
 - Level 5.2 Dodging
 - Level 7.3 Stealth
 - Level 4.8 Spellcasting
 - Level 7.2 Hexes
 - Level 2.4 Ice Magic


You had 5 spell levels left.
You knew the following spells:

 Your Spells              Type           Power      Damage    Failure   Level
a - Ozocubu's Armour      Ice            14%        N/A       30%         3
c - Confusing Touch       Hex            33%        N/A       4%          3
e - Ensorcelled Hibernat  Hex/Ice        48%        N/A       6%          2
r - Frozen Ramparts       Ice            28%        1d5       30%         3

Your spell library contained the following spells:

 Spells                   Type           Power      Damage    Failure   Level
 Tukima's Dance           Hex            33%        N/A       4%          3
 Freeze                   Ice            56%        1d7       11%         1
 Dazzling Flash           Conj/Hex       38%        N/A       19%         3
 Summon Guardian Golem    Hex/Summ       19%        N/A       19%         3
 Sandblast                Erth           8%         2d5       28%         1
 Summon Small Mammal      Summ           16%        N/A       28%         1
 Passwall                 Tmut/Erth      3%         N/A       41%         2
 Hailstorm                Conj/Ice       9%         3d4       45%         3
 Anguish                  Hex/Necr       9%         N/A       54%         4
 Call Canine Familiar     Summ           4%         N/A       65%         3
 Spider Form              Tmut/Pois      4%         N/A       65%         3
 Stone Arrow              Conj/Erth      8%         3d7       65%         3
 Metabolic Englaciation   Hex/Ice        12%        N/A       71%         5
 Simulacrum               Ice/Necr       4%         N/A       100%        6


Dungeon Overview and Level Annotations

Branches:
Dungeon (6/15)             Temple (0/1) D:6

Altars:
Elyvilon
Nemelex Xobeh
Sif Muna
Trog
Uskayaw


Innate Abilities, Weirdness & Mutations

You are very small and have problems with some larger weapons.
You are too small for most types of armour.
You have supernaturally acute eyesight. (SInv)
You cover ground extremely quickly. (Speed+++)


Message History

Aiming: Ensorcelled Hibernation (safe; 6% risk of failure)
Press: ? - help, Q - select action, (/) - cycle Shift-Dir - straight line, f/p - two-headed ogre
Aim: a two-headed ogre, wielding a +0 giant club and a +0 giant spiked club (chance to affect: 37%)
The two-headed ogre resists with some effort.
Casting: Ensorcelled Hibernation (safe; 6% risk of failure)
Confirm with . or Enter, or press ? or * to list all spells.
Your hands begin to glow red.
The two-headed ogre hits you with a +0 giant club!!
Ouch! That really hurt!
* * * LOW HITPOINT WARNING * * *
The two-headed ogre closely misses you.
You barely miss the two-headed ogre.
The two-headed ogre barely misses you. x2
You hit the two-headed ogre but do no damage.
The two-headed ogre appears confused.
Aiming: Ensorcelled Hibernation (safe; 6% risk of failure)
Press: ? - help, Q - select action, (/) - cycle Shift-Dir - straight line, f/p - two-headed ogre
Aim: a two-headed ogre, wielding a +0 giant club and a +0 giant spiked club (confused, chance to affect: 37%)
The two-headed ogre resists with some effort.
Aiming: Ensorcelled Hibernation (safe; 6% risk of failure)
Press: ? - help, Q - select action, (/) - cycle Shift-Dir - straight line, f/p - two-headed ogre
Aim: a two-headed ogre, wielding a +0 giant club and a +0 giant spiked club (confused, chance to affect: 37%)
The two-headed ogre resists with some effort.
Aiming: Ensorcelled Hibernation (safe; 6% risk of failure)
Press: ? - help, Q - select action, (/) - cycle Shift-Dir - straight line, f/p - two-headed ogre
Aim: a two-headed ogre, wielding a +0 giant club and a +0 giant spiked club (confused, chance to affect: 37%)
The two-headed ogre looks drowsy...
The helpless two-headed ogre fails to defend itself.
You impale the two-headed ogre!!
The two-headed ogre looks as sick as possible!
The two-headed ogre is heavily wounded.
You hit the two-headed ogre.
The two-headed ogre looks as sick as possible!
The two-headed ogre is severely wounded.
You hit the two-headed ogre but do no damage.
The two-headed ogre looks as sick as possible!
The two-headed ogre is severely wounded.
The two-headed ogre misses you.
The two-headed ogre hits you with a +0 giant spiked club!!
Ouch! That really hurt!
You die...

####.####........#
#............#.###
#..#######....#####.#
#. #..........# #.
#....####### .
#........#####
#............#
##...........#
#....@O.....#
#........†..#
#...........#
#.......)..<#
#..)........#
#...........#
#...........#
#...........#
#############


You could see a two-headed ogre (confused, extremely poisoned).

Vanquished Creatures
  An acid dragon (D:6)
  3 ogres
  A kobold brigand (D:3)
  A necrophage (D:5)
  A gnoll sergeant (D:5)
  3 scorpions
  4 jellies
  A hound (D:5)
  Terence (D:2)
  7 gnolls (D:5)
  8 adders
  A white imp (D:6)
  2 worms
  A dart slug (D:1)
  7 orcs
  7 endoplasms
  6 goblins
  10 hobgoblins
  7 jackals
  4 quokkas
  8 ball pythons
  12 bats
  3 frilled lizards
  12 kobolds
  8 rats
119 creatures vanquished.

Vanquished Creatures (others)
  2 goblins (D:4)
2 creatures vanquished.

Grand Total: 121 creatures vanquished

Notes
Turn   | Place    | Note
-------+----------+-------------------------------------------
     0 | D:1      | Absynth the Spriggan Enchanter began the quest for the Orb.
     0 | D:1      | Reached XP level 1. HP: 9/9 MP: 5/5
   186 | D:1      | Reached XP level 2. HP: 9/13 MP: 6/6
   237 | D:1      | Learned a level 2 spell: Ensorcelled Hibernation
   942 | D:2      | Reached XP level 3. HP: 16/16 MP: 8/8
  1060 | D:2      | Learned a level 3 spell: Confusing Touch
  1236 | D:2      | Noticed Terence
  1490 | D:2      | Reached XP level 4. HP: 21/21 MP: 9/9
  1521 | D:2      | Reached skill level 5 in Stealth
  1671 | D:2      | Learned a level 3 spell: Frozen Ramparts
  2008 | D:2      | Killed Terence
  2177 | D:3      | Identified the +4 hand axe of Doom {heavy, Str-2 Int-4 SInv
                  | Stlth+}
  2212 | D:3      | Reached skill level 5 in Hexes
  2805 | D:3      | Noticed a kobold brigand
  2813 | D:3      | Killed a kobold brigand
  2814 | D:3      | Reached skill level 1 in Ice Magic
  2814 | D:3      | Reached XP level 5. HP: 19/24 MP: 6/11
  3131 | D:4      | Identified the amulet "Tehoch" {rElec Regen+ MP+9 Int+2}
  3243 | D:4      | Learned a level 3 spell: Ozocubu's Armour
  3436 | D:4      | Reached XP level 6. HP: 17/28 MP: 11/12
  3612 | D:4      | Found a bloodstained altar of Trog.
  3887 | D:4      | Found a hide-covered altar of Uskayaw.
  4081 | D:4      | Found a sparkling altar of Nemelex Xobeh.
  4135 | D:5      | Entered Level 5 of the Dungeon
  4481 | D:5      | Reached XP level 7. HP: 32/32 MP: 14/14
  4991 | D:5      | Found a white marble altar of Elyvilon.
  5002 | D:5      | Found a shimmering blue altar of Sif Muna.
  5557 | D:6      | Reached skill level 5 in Dodging
  5566 | D:6      | Identified the +1 hand axe "Ypsaosk" {freeze, Int+7}
  5578 | D:6      | Found a staircase to the Ecumenical Temple.
  5637 | D:6      | Reached XP level 8. HP: 36/36 MP: 16/16
  5663 | D:6      | Noticed a two-headed ogre
  5769 | D:6      | Reached skill level 1 in Armour
  5795 | D:6      | Mangled by a two-headed ogre

Illustrated notes

Levels and vault maps discovered:
D:1:      reono_arrival_mine, layout_basic, minmay_crystal_water,
          minmay_misc_feat_tiny, st_stairs_4, nrook_loot_triangle
D:2:      layout_basic, minmay_stone_trees_small, uniq_terence
D:3:      cheibrodos_thug_alley, layout_basic
D:4:      layout_basic, nemelex_diamond_rough_becter, trog_hazing_becter,
          mainiacjoe_overflow_alcove_2, chequers_avenue
D:5:      layout_basic, nicolae_sif_muna_condensation, kennysheep_little_box
D:6:      layout_basic, minmay_temple_entry_trees

Skill      XL: |  1  2  3  4  5  6  7  8 |
---------------+-------------------------+-----
Hexes          | 4 5 6 7 |  7.2
Dodging        | 3 4 5 |  5.2
Spellcasting   | 3 4 |  4.8
Stealth        | 5 6 7 |  7.3
Short Blades   | 2 3 |  3.7
Ice Magic      | 1 2 |  2.4
Armour         | 1 |  1.3

Action                     |  1- 3 |  4- 6 |  7- 9 || total
---------------------------+-------+-------+-------++-------
  Melee: Dagger            |   144 |       |       ||   144
         Short sword       |     7 |   113 |    65 ||   185
         Punch             |       |     1 |     1 ||     2
   Cast: Ensorcelled Hiber |    17 |    34 |    13 ||    64
         Confusing Touch   |       |     2 |     3 ||     5
   Stab: Sleeping          |    21 |    30 |    14 ||    65
         Confused          |       |     2 |     1 ||     3
 Armour: Robe              |    24 |    10 |     8 ||    42
  Dodge: Dodged            |   112 |    75 |    27 ||   214

Table legend: (Time is in decaauts)
 A = Elapsed time spent in this place.
 B = Non-inter-level travel time spent in this place.
 C = Inter-level travel time spent in this place.
 D = Time resting spent in this place.
 E = Time spent auto-exploring this place.
 F = Levels seen in this place.
 G = Mean time per level.
                   A        B        C        D        E       F      G
               +--------+--------+--------+--------+--------+-----+--------+
         Total |   4076 |   3949 |    127 |    359 |   2434 |   6 |  679.3 |
       Dungeon |   4076 |   3949 |    127 |    359 |   2434 |   6 |  679.3 |
               +--------+--------+--------+--------+--------+-----+--------+

Top non-repeatable levels by time:
     D:5: 1014 daAuts
     D:2: 815 daAuts
     D:3: 753 daAuts
     D:4: 719 daAuts
     D:1: 656 daAuts
     D:6: 117 daAuts
